[Event "Fall IM-D Norm Invitational 2022"]
[Site "Charlotte"]
[Date "2022.11.22"]
[Round "9"]
[White "Petenyi, Tamas"]
[Black "Eidelman, Gabriel"]
[Result "1-0"]
[ECO "A14"]
[WhiteElo "2410"]
[BlackElo "2197"]
[Annotator "TA"]
[PlyCount "85"]
[EventDate "2022.11.18"]
[EventType "tourn"]
[EventCountry "USA"]
[SourceTitle "playchess.com"]
[Source "ChessBase"]
[SourceQuality "1"]
[TimeControl "5400+30"]

1. Nf3 d5 2. c4 e6 3. g3 Nf6 4. Bg2 Be7 5. O-O O-O 6. b3 d4 7. Bb2 {[%emt 0:00:34] A14: English Opening: 1...e6 with b3 by White.} c5 8. b4 Re8 9. d3 {[%emt 0:03:54] The position is equal.} Nbd7 {[%emt 0:00:20] [#]} 10. bxc5 $146 {[%emt 0:05:15] Hoping for c6.} ({Predecessor:} 10. Nbd2 e5 11. b5 a6 12. a4 h6 13. Qc2 Bd6 14. Nb3 Nf8 15. e3 Ne6 16. Rfe1 {½-½ (51) Ilzig,G-Bruns,C ICCF email 2016}) 10... e5 11. c6 bxc6 12. Nbd2 Bb7 13. Rb1 Qc7 14. Qc2 c5 15. e4 Bc6 16. h3 Rab8 17. Bc1 Rxb1 18. Qxb1 Ba4 19. Nb3 Rb8 20. Bd2 Rb7 21. Qb2 Nb8 {[%emt 0:03:00] [#]} (21... Nf8 $15) 22. Qa3 ({Better is} 22. Nxe5 $1 $11 Qxe5 23. Bf4) 22... Bxb3 23. axb3 Nc6 24. Ra1 Qb6 (24... Qb8 $5 ) 25. Qa4 Nd7 26. h4 Ndb8 {[%emt 0:01:33] [#]} (26... Qc7 $11 {keeps the balance.}) 27. Nxe5 $1 $16 Nxe5 28. Qe8+ Bf8 29. Qxe5 Qxb3 30. Qd5 {[%emt 0:01:31] Strongly threatening e5. White is more active.} Rd7 31. Qa8 {[%emt 0:00:46] aiming for Bf4.} Qb2 (31... Qxd3 $2 32. Bf4 Rd8 33. Qb7 $18 (33. Bxb8 Qb3 $16) (33. Rxa7 Qxc4 34. Qb7 d3 $16) (33. Qxa7 Qc3 $18)) 32. Rd1 Qc2 (32... Na6 $16) 33. Bf3 $18 Qxd3 34. Kg2 Qb3 35. Bf4 Na6 {[%emt 0:01:10] [#]} (35... Rd8 {is a better defense.}) 36. Ra1 $1 Nb4 (36... Qxc4 $142 37. Qc8 Re7 38. Rxa6 Re8 39. Qxe8 Qxa6) 37. Bg4 f5 38. Bxf5 {[%emt 0:00:14] White mates.} Nd3 39. Be6+ {[%emt 0:00:52] A strong pair of Bishops.} Rf7 40. Bxf7+ Kxf7 41. Qd5+ Ke8 42. Qe6+ Kd8 43. Rxa7 {[%emt 0:00:23] Weighted Error Value: White=0.07 (flawless) /Black=0.42} 1-0

[Event "Fall IM-D Norm Invitational 2022"]
[Site "Charlotte"]
[Date "2022.11.22"]
[Round "9"]
[White "Malicka, Maria"]
[Black "Marek, Matyas"]
[Result "1/2-1/2"]
[ECO "A38"]
[WhiteElo "2275"]
[BlackElo "2346"]
[Annotator "TA"]
[PlyCount "31"]
[EventDate "2022.11.18"]
[EventType "tourn"]
[EventCountry "USA"]
[SourceTitle "playchess.com"]
[Source "ChessBase"]
[SourceQuality "1"]
[TimeControl "5400+30"]

1. Nf3 Nf6 2. c4 c5 3. g3 Nc6 4. Bg2 g6 5. Nc3 Bg7 6. O-O O-O 7. d3 d6 {[%emt 0:00:10] [#]} {Predecessor:} 8. a3 $146 {A38: Symmetrical English vs ...g6: 4 Bg2 Bg7 5 Nf3 Nf6.} Bf5 9. h3 Qc8 10. Kh2 Rb8 11. Rb1 a6 12. b4 cxb4 13. axb4 b5 14. cxb5 axb5 15. Bd2 Qd7 16. Be3 {0-1 (63) Timofeev,A (2583)-Fedoseev,V (2700) Chess.com INT 2021} 1/2-1/2

[Event "Fall IM-D Norm Invitational 2022"]
[Site "Charlotte"]
[Date "2022.11.22"]
[Round "9"]
[White "Estrada Nieto, Julian"]
[Black "Lee, Alice"]
[Result "0-1"]
[ECO "B31"]
[WhiteElo "2241"]
[BlackElo "2284"]
[Annotator "TA"]
[PlyCount "88"]
[EventDate "2022.11.18"]
[EventType "tourn"]
[EventCountry "USA"]
[SourceTitle "playchess.com"]
[Source "ChessBase"]
[SourceQuality "1"]
[TimeControl "5400+30"]

1. e4 c5 2. Nf3 Nc6 3. Bb5 g6 4. O-O Bg7 5. c3 e5 6. d4 cxd4 7. cxd4 exd4 8. Bf4 a6 9. Ba4 {[%emt 0:02:29][%mdl 1024] White has compensation. B31: Sicilian: 2...Nc6 3 Bb5 g6.} Nge7 {[%emt 0:00:20] 9...Nge7 scores better than 9...b5.} 10. Bd6 b5 11. Bb3 {[%emt 0:00:05] White has an edge.} Bb7 12. Re1 (12. Ng5 $5 O-O 13. Qf3 $11) 12... Nc8 13. e5 Nxd6 14. exd6+ Kf8 15. Nbd2 {[%emt 0:02:10] [#]} h6 $146 (15... f5 $1 $11) ({Predecessor:} 15... f5 16. Bd5 Na5 17. Bxb7 Nxb7 18. Qb3 Nc5 19. Qd5 Ne6 20. g3 Rc8 21. Nb3 Bf6 {1-0 (32) So,W (2778)-Fedoseev,V (2704) Chess.com INT 2022}) 16. Rc1 {[%emt 0:31:18][%cal Oc1c6] [#] And now Rxc6! would win.} Bf6 17. Ne4 Kg7 18. Nc5 (18. Bd5 $1 $14) 18... Na5 $11 19. Ne5 Bxe5 20. Rxe5 Qf6 21. Re7 Nxb3 22. axb3 (22. Qxb3 $11 {keeps the balance.} Rhc8 23. Rxd7 Bxg2 24. Kxg2 Qg5+ 25. Kh3 Qf5+ 26. Kg3) 22... Bc6 $40 {[%emt 0:06:28][%mdl 128] Black is out for blood.} (22... Qxd6 $2 23. Rxd7 Qe5 24. Rxb7 $18) 23. Nxd7 Bxd7 ({Don't play} 23... Qxd6 $6 24. Rxc6 Qxe7 25. Qxd4+ f6 26. g3 $16) 24. Rxd7 Rhd8 25. Rcc7 Rxd7 26. Rxd7 {[%emt 0:00:02][%mdl 4096] Endgame KQR-KQR} Re8 27. g3 Re6 28. Qd3 Rxd6 29. Rxd6 Qxd6 $19 {[%emt 0:00:02] KQ-KQ} 30. Kf1 Qb4 31. Ke2 a5 (31... Qe7+ $19 32. Kd2 Qg5+ 33. f4 Qd5) 32. Kf3 $2 {[%emt 0:01:19] Now White is beyond hope.} (32. Qf3 $1 $15) 32... Qc5 33. g4 (33. Ke2 $142) 33... Qd5+ 34. Ke2 Qe5+ 35. Kf3 (35. Kd1 $142) 35... Qxh2 {[%emt 0:04:54] [#] ...Qh3+ is the strong threat.} 36. Qxd4+ Kh7 {[%emt 0:00:53] aiming for ...Qh3+.} 37. Ke2 Qh3 38. f3 $2 (38. b4 a4 39. Qf4) 38... Qg2+ 39. Ke3 (39. Kd3 $142 Qxf3+ 40. Kc2) 39... Qg1+ 40. Ke4 Qxd4+ 41. Kxd4 h5 {[%emt 0:00:15] Strongly threatening ...h4.} 42. gxh5 gxh5 {[%emt 0:00:05] Black mates.} 43. Ke4 Kg6 44. Kf4 Kf6 {[%emt 0:00:05] Weighted Error Value: White=0.68/Black=0.14 (very precise)} 0-1

[Event "Fall IM-D Norm Invitational 2022"]
[Site "Charlotte"]
[Date "2022.11.22"]
[Round "9"]
[White "Liu, Eric"]
[Black "Amburgy, Ryan"]
[Result "1/2-1/2"]
[ECO "B18"]
[WhiteElo "2182"]
[BlackElo "2175"]
[Annotator "TA"]
[PlyCount "151"]
[EventDate "2022.11.18"]
[EventType "tourn"]
[EventCountry "USA"]
[SourceTitle "playchess.com"]
[Source "ChessBase"]
[SourceQuality "1"]
[TimeControl "5400+30"]

1. e4 c6 2. d4 d5 3. Nc3 dxe4 4. Nxe4 Bf5 5. Ng3 Bg6 6. h4 h6 $1 7. Bd3 {[%emt 0:00:10] B18: Classical Caro-Kann: 4...Bf5 sidelines.} Bxd3 8. Qxd3 e6 9. N1e2 Nf6 10. Bd2 Qb6 {[%emt 0:00:05] [#]} 11. O-O $146 ({Predecessor:} 11. O-O-O Qa6 12. Qb3 Nbd7 13. Kb1 Nb6 14. Rhe1 O-O-O 15. Bc1 Bd6 16. Qf3 Rd7 17. b3 {0-1 (51) Zawadzka,J (2403)-Osmak,I (2418) Iasi 2021}) 11... c5 12. c4 cxd4 13. Nxd4 Bc5 14. Bc3 {[%emt 0:06:08][%cal Od4e6] Nxe6! is the strong threat.} O-O 15. b4 Bxd4 ({Much less strong is} 15... Bxb4 16. Rab1 a5 17. a3 $16) 16. Qxd4 Qxd4 17. Bxd4 Nbd7 18. Rac1 Rfc8 19. Rc2 Nd5 20. a3 b5 21. Rfc1 bxc4 22. Rxc4 Rd8 23. Bb2 Rab8 24. R1c2 a5 25. bxa5 Ra8 26. Ra4 (26. Rg4 $5 ) 26... Ra6 27. Nh5 g6 28. Nf4 Nxf4 29. Rxf4 {[%emt 0:00:03] Hoping for Rd2.} Rxa5 30. Rd4 {[%emt 0:01:14][%cal Od4d7] Threatens to win with Rxd7!} Rd5 (30... Kf8 $11 {remains equal.}) 31. Rxd5 $16 exd5 {[%emt 0:00:01][%mdl 4096] Endgame KRB-KRN} 32. Bd4 Nf8 ({Better is} 32... Ra8 $14) 33. a4 $1 {[%emt 0:00:10] White is more active.} Ra8 34. a5 Ne6 {[%emt 0:01:37] [#]} 35. Bb6 d4 (35... Kf8 $16 {was worth a try.}) 36. Kf1 Kf8 37. Ke2 Ke7 38. Kd3 Kd6 39. Kc4 (39. g3 $16) 39... Kc6 (39... Rc8+ $1 $14 40. Kb3 Rb8) 40. Kb4+ ({White should try} 40. Bxd4 $18 Nxd4 41. Kxd4+ Kb7 42. Rc5) 40... Kb7 $2 ({Black should play} 40... Kd5 $14) 41. Kb5 $18 ({Don't do} 41. Rd2 $6 g5 $16) 41... Re8 42. a6+ Ka8 43. g3 g5 44. hxg5 hxg5 45. Rd2 f5 $2 (45... Rb8 46. Ka5 Re8) 46. Kc6 {[%emt 0:00:43] Black must now prevent Kd7.} Rb8 47. Bxd4 f4 48. Kd5 (48. Be5 $142 Rc8+ 49. Kb6) 48... Nc7+ {[%emt 0:01:40] [#]} 49. Ke4 $2 (49. Kd6 $1 $18 Nb5+ 50. Ke7) 49... fxg3 $1 $14 50. fxg3 {[%emt 0:00:07] aiming for Be5.} Nxa6 51. Ra2 Kb7 52. Rb2+ (52. Ra5 $14) 52... Kc6 $11 {[%emt 0:00:49] The position is equal.} 53. Ra2 Nb4 54. Ra5 Kd7 55. Rxg5 Re8+ 56. Kf5 Nc6 57. Bf6 Ne7+ 58. Kg4 Ke6 59. Bc3 Rg8 60. Rxg8 Nxg8 {[%emt 0:00:01] KB-KN} 61. Kg5 Kf7 62. g4 Ne7 63. Kh6 Ke6 64. Kg7 Nf5+ 65. Kh7 Ne7 66. g5 Kf5 67. Bf6 Ng6 68. Kg7 Ne5 69. Kh7 Nf3 70. g6 Kxf6 {[%emt 0:00:02] KN-KP} 71. g7 Ng5+ 72. Kh8 Nf7+ 73. Kg8 Kg6 74. Kf8 Nh6 75. g8=B Nxg8 76. Kxg8 {[%emt 0:00:08] Blacks defense is rewarded with a draw.  Weighted Error Value: White=0.25 (precise) /Black=0.27 (precise)} 1/2-1/2

[Event "Fall IM-D Norm Invitational 2022"]
[Site "Charlotte"]
[Date "2022.11.22"]
[Round "9"]
[White "Willy, Stephen"]
[Black "De La Colina, Nicolas"]
[Result "0-1"]
[ECO "B22"]
[WhiteElo "2159"]
[BlackElo "2123"]
[Annotator "TA"]
[PlyCount "74"]
[EventDate "2022.11.18"]
[EventType "tourn"]
[EventCountry "USA"]
[SourceTitle "playchess.com"]
[Source "ChessBase"]
[SourceQuality "1"]
[TimeControl "5400+30"]

1. e4 c5 2. c3 Nf6 3. e5 Nd5 4. d4 cxd4 5. Nf3 Nc6 6. Bc4 Nb6 7. Bb3 d5 8. exd6 Qxd6 9. O-O Be6 10. Na3 dxc3 11. Nb5 Qxd1 12. Rxd1 Rc8 13. Bxe6 fxe6 14. bxc3 h6 {[%emt 0:12:22] B22: Sicilian: 2 c3.} 15. Re1 g5 {[%emt 0:10:06] [#]} 16. Rxe6 $146 ({Predecessor:} 16. Rb1 Nd7 17. Rxe6 Kf7 {½-½ (17) Schmittdiel,E (2479)-Skripchenko,A (2450) Dortmund 2000}) 16... Kf7 {[%emt 0:01:52] The position is equal.} 17. Re4 Bg7 18. Ba3 (18. h4 $11) 18... Nd5 $15 19. c4 Nf4 (19... Bxa1 $19 20. cxd5 Rhd8 21. dxc6 Rd1+ 22. Re1 (22. Ne1 $2 bxc6 23. Nxa7 Rc7 $19) 22... Rxe1+ 23. Nxe1 Rxc6) 20. Rb1 a6 {[%emt 0:09:43] aiming for ...Rhd8.} 21. Na7 $1 Nxa7 22. Rxe7+ Kg8 23. Rxg7+ Kxg7 $17 24. Rxb7+ Kg6 25. Rxa7 {[%emt 0:00:39] [#]} Ra8 $1 26. Re7 {[%emt 0:03:17] Threatens to win with g3.} Rhe8 27. g3 (27. Ne5+ $17 Kf5 28. g4+ Ke4 29. f3+ Ke3 30. Kf1 (30. Bc5+ Ke2 $17)) 27... Rxe7 $19 28. Bxe7 {[%emt 0:00:08][%mdl 4096] Endgame KRN-KBN} Ne6 (28... Nd3 $19 {White must now prevent ...Rb8.} 29. Kf1 Kf7) 29. g4 Rb8 {[%emt 0:01:44][%mdl 1024] Black has strong compensation.} 30. h4 Rb2 31. a3 Rc2 {[%emt 0:00:50] Black is more active.} 32. h5+ (32. Ne5+ $142 Kg7 33. h5) 32... Kf7 $17 33. Bd6 (33. Bb4 $142) 33... Nf4 $19 34. Bc5 Nd3 35. Bd4 {[%emt 0:01:03] [#]} (35. Be3 {was the only defense.}) 35... Rxc4 36. Kf1 Ra4 37. Ke2 Rxa3 {[%emt 0:00:21] Weighted Error Value: White=0.44/Black=0.18 (very precise)} 0-1